 Dungeon Crawl Stone Soup version 0.28-a0-1152-g9c71ebef14 (webtiles) character file.

Game seed: 632022897129780837

10 spaghetti the Sneak (level 2, -3/20 HPs)
             Began as a Tengu Delver on Dec 14, 2021.
             Slain by a water moccasin skeleton (5 damage)
             ... on level 4 of the Dungeon.
             The game lasted 00:02:09 (989 turns).

spaghetti the Sneak (Tengu Delver)                   Turns: 989, Time: 00:02:09

Health: -3/20      AC:  3    Str: 12    XL:     2   Next: 20%
Magic:  3/3        EV: 12    Int: 10    God:
Gold:   36         SH:  0    Dex: 15    Spells: 1/1 levels left

rFire   . . .      SeeInvis .   a - +0 falchion {long}
rCold   . . .      Faith    .   (no shield)
rNeg    . . .      Spirit   .   b - +0 leather armour
rPois   .          Reflect  .   (helmet restricted)
rElec   .          Harm     .   (no cloak)
rCorr   .          Rampage  .   (no gloves)
Will    .....                   (boots unavailable)
Stlth   +++.......              (no amulet)
HPRegen 0.06/turn               (no ring)
MPRegen 0.08/turn               (no ring)

@: no status effects
A: beak, talons 3
a: no special abilities


You were on level 4 of the Dungeon.
You visited 1 branch of the dungeon, and saw 3 of its levels.

You collected 36 gold pieces.


Innate Abilities, Weirdness & Mutations

You have a beak for a mouth.
You have claws for feet.


   Skills:
 + Level 3.6 Fighting
 - Level 2.1 Long Blades
 - Level 2.1 Dodging
 - Level 5.0 Stealth


You had one spell level left.
You didn't know any spells.
Your spell library was empty.

Inventory:

Hand Weapons
 a - a +0 falchion (weapon) {long}
 e - a +0 quarterstaff {staff}
   (You found it on level 5 of the Dungeon)
Armour
 b - a +0 leather armour (worn)
Wands
 g - a wand of digging (3)
Scrolls
 c - a scroll of fog
 d - a scroll of magic mapping {!r}

Dungeon Overview and Level Annotations

Branches:
Dungeon (6/15)
 Temple: D:4-7

Altars:
Ashenzari
Elyvilon
Kikubaaqudgha
Qazlal
Uskayaw

#.#######. #. #. ##+##
#.##### #. ##...##
#.....###. ##.....##
#......... ##.......##
##.##.####
##.........####...#.####
.'.....ZJ..'.......)....
##.....@.o.####...#.####
##.......## #.#...#
##.....## #...###
##...## ##.## ##+## #.#
#.# #.# #.# #.#


You could see an orc, an endoplasm and a water moccasin skeleton.


Message History

Unknown command.
Okay, then.
You hit the orc. The orc completely misses you.
You hit the orc.
You kill the orc!
You start resting. 😎 HP[+11]
Your hp is fully restored (14).
You see here a +0 dagger {short}.
A hobgoblin comes into view.
You catch the helpless hobgoblin completely off-guard!
You hit the hobgoblin. Your kick misses the hobgoblin.
You peck the hobgoblin, but do no damage.
The hobgoblin hits you.
The hobgoblin hits you but does no damage. 😕 HP[-2]
You take 2 damage, and now have 12/14 hp.
You hit the hobgoblin.
You kill the hobgoblin!
You have reached level 2! 😕 HP[+4] MP[+1]
You now have 19 max hp (+5).
You regained 4 hp, and now have 16/19 hp.
Your mp is fully restored (3).
Unknown command.
You now have 36 gold pieces (gained 19).
You see here a hobgoblin corpse. 😎 HP[+3]
Your hp is fully restored (19).
An endoplasm comes into view.
The helpless endoplasm fails to defend itself.
You slash the endoplasm!
You kill the endoplasm!
No target in view!
No target in view!
No target in view!
No target in view!
No target in view!
No target in view!
No target in view!
No target in view!
No target in view!
You open the door.
There is an open door here.
A goblin comes into view. It is wielding a +0 dagger.
The helpless goblin fails to defend itself.
You slash the goblin!
You kill the goblin! 😎 HP[+1]
You now have 20 max hp (+1).
Your hp is fully restored (20).
No target in view!
No target in view!
No target in view!
No target in view!
No target in view!
No target in view!
No target in view!
No target in view!
No target in view!
No target in view!
You see here a +0 dagger {short}.
Found a stone staircase leading down.
A hound, an endoplasm and an orc come into view.
There are monsters nearby!
The endoplasm freezes you.
You are frozen. 😮 HP[-5]
You take 5 damage, and now have 15/20 hp.
MASSIVE DAMAGE!! (PAUSE) Unknown command.
You are too injured to fight recklessly!
You are too injured to fight recklessly!
You are too injured to fight recklessly!
You are too injured to fight recklessly!
You are too injured to fight recklessly!
Okay, then.
You aren't carrying any potions.
Unknown command.
The orc shouts!
You hit the endoplasm but do no damage. The endoplasm hits you. 😮 HP[-3]
You take 3 damage, and now have 12/20 hp.
A water moccasin skeleton comes into view.
There is an open door here. 😮 HP[+1]
The water moccasin skeleton bites you. 😮 HP[-2]
You take 2 damage, and now have 11/20 hp.
The endoplasm freezes you.
You are frozen.
* * * LOW HITPOINT WARNING * * *
There is a stone staircase leading down here. 😨 HP[-4]
You take 4 damage, and now have 7/20 hp.
The orc closely misses you. The endoplasm freezes you.
You are frozen.
* * * LOW HITPOINT WARNING * * *
The water moccasin skeleton bites you.
You die...

Action                   || total
-------------------------++-------
Melee: Falchion          ||    17
       Kick              ||     3
       Peck              ||     3
  Use: Scroll            ||     2
       Potion            ||     2
 Stab: Distracted        ||     1
       Sleeping          ||     2
Armor: Leather armour    ||     4
Dodge: Dodged            ||    15

Levels and vault maps discovered:
D:4:      layout_loops_corners, lemuel_crystal_altar,
          wad_floor_pattern_untrapped
D:5:      layout_cave_pools, nicolae_qazlal_scattered_showers,
          xom_confusion_cloud, mainiacjoe_overflow_24_doors,
          nicolae_overflow_quartered_altars, hangedman_decor_points
D:6:      layout_gridville, minmay_temple_entry_hall, grunt_decor_fettered,
          nicolae_shop_self_help

Notes
Turn   | Place    | Note
-------+----------+-------------------------------------------
     0 | D:5      | spaghetti the Tengu Delver began the quest for the Orb.
     0 | D:5      | Reached XP level 1. HP: 14/14 MP: 2/2
     0 | D:5      | magus.rc [v1.9.6]
     5 | D:5      | Found an ancient bone altar of Kikubaaqudgha.
    10 | D:5      | Found a stormy altar of Qazlal.
    15 | D:5      | Found a white marble altar of Elyvilon.
    22 | D:5      | Noticed a black bear
    28 | D:5      | Found a hide-covered altar of Uskayaw.
    90 | D:4      | Found a broken altar of Ashenzari.
   254 | D:5      | Noticed an ogre
   254 | D:5      | Noticed a necrophage
   254 | D:5      | Noticed a jelly
   254 | D:5      | Noticed a necrophage
   255 | D:5      | Noticed a jelly
   272 | D:5      | Noticed an orc priest
   272 | D:5      | HP: 3/14 [orc (3)]
   274 | D:5      | Noticed an orc warrior
   274 | D:5      | Noticed an orc priest
   315 | D:5      | Noticed an orc wizard
   414 | D:6      | Noticed a sky beast
   437 | D:4      | HP: 2/14 [orc (3)]
   793 | D:4      | Reached XP level 2. HP: 16/19 MP: 3/3
   989 | D:4      | HP: 2/20 [frozen (5)]
   989 | D:4      | Slain by a water moccasin skeleton

Vanquished Creatures
  3 orcs (D:4)
  An endoplasm (D:4)
  A goblin (D:4)
  A hobgoblin (D:4)
6 creatures vanquished.

Table legend:
 A = Non-vault XP
 B = Vault XP
 C = Vault XP percentage of total XP
 D = Non-vault monster count
 E = Vault monster count
 F = Vault count percentage of total count
                 A         B        C        D         E       F
            +---------+---------+-------+---------+---------+-------
      Total |      15 |       0 |   0.0 |       6 |       0 |   0.0
            +---------+---------+-------+---------+---------+-------
        D:4 |      15 |       0 |   0.0 |       6 |       0 |   0.0
            +---------+---------+-------+---------+---------+-------

Illustrated notes

Table legend:
 A = Kills in this place as a percentage of kills in entire the game.
 B = Kills by you in this place as a percentage of kills by you in the entire game.
 C = Kills by friends in this place as a percentage of kills by friends in the entire game.
 D = Other kills in this place as a percentage of other kills in the entire game.
 E = Experience gained in this place as a percentage of experience gained in the entire game.
 F = Experience gained in this place divided by the number of levels of this place that you have seen.
                   A       B       C       D       E      F
               +-------+-------+-------+-------+-------+----------------------
         Total | 100.0 | 100.0 |   N/A |   N/A | 100.0 |   5.0
       Dungeon | 100.0 | 100.0 |   N/A |   N/A | 100.0 |   5.0
               +-------+-------+-------+-------+-------+----------------------

Table legend: (Time is in decaauts)
 A = Elapsed time spent in this place.
 B = Non-inter-level travel time spent in this place.
 C = Inter-level travel time spent in this place.
 D = Time resting spent in this place.
 E = Time spent auto-exploring this place.
 F = Levels seen in this place.
 G = Mean time per level.
                   A        B        C        D        E       F      G
               +--------+--------+--------+--------+--------+-----+--------+
         Total |    974 |    974 |      0 |    351 |    416 |   3 |  324.7 |
       Dungeon |    974 |    974 |      0 |    351 |    416 |   3 |  324.7 |
               +--------+--------+--------+--------+--------+-----+--------+

Top non-repeatable levels by time:
     D:4: 758 daAuts
     D:5: 123 daAuts
     D:6: 92 daAuts
